 Dungeon Crawl Stone Soup version 0.31.0-9-g3a7656b989 (webtiles) character file.

Game seed: 245434410473460983

83 qw the Shooter (level 4, 0/22 HPs)
             Began as a Spriggan Hunter on Feb 2, 2024.
             Slain by Terence
             ... wielding a +0 short sword
              (3 damage)
             ... while paralysed by Grinder
             ... on level 3 of the Dungeon.
             The game lasted 00:00:07 (1963 turns).

qw the Shooter (Spriggan Hunter)                    Turns: 1963, Time: 00:00:07

Health: 0/22       AC:  2    Str:  7    XL:     4   Next: 22%
Magic:  5/5        EV:  4    Int: 10    God:
Gold:   129        SH:  0    Dex: 20    Spells: 3/3 levels left

rFire   . . .        a - +0 shortbow
rCold   . . .        (shield currently unavailable)
rNeg    . . .        c - +0 robe
rPois   .            (helmet restricted)
rElec   .            (no cloak)
rCorr   .            (gloves unavailable)
SInv    +            (boots unavailable)
Will    .....        (no amulet)
Stlth   ++           (no ring)
HPRegen 0.23/turn    (no ring)
MPRegen 0.09/turn

%: no passive effects
@: paralysed, hasted, very quick
A: very small, no large weapons, unfitting armour, see invisible, speed 3
a: no special abilities


You were on level 3 of the Dungeon.
You visited 1 branch of the dungeon, and saw 3 of its levels.

You collected 129 gold pieces.


Innate Abilities, Weirdness & Mutations

You are very small and have problems with some larger weapons.
You are too small for most types of armour.
You have supernaturally acute eyesight. (SInv)
You cover ground extremely quickly. (Speed+++)


   Skills:
 - Level 1.5 Fighting
 - Level 5.0 Ranged Weapons
 + Level 4.5 Dodging
 - Level 1.5 Stealth


You had 3 spell levels left.
You didn't know any spells.
Your spell library was empty.

Inventory:

Hand Weapons
 a - a +0 shortbow (weapon)
Armour
 c - a +0 robe (worn)
 h - a scarf of harm
Scrolls
 i - a scroll of teleportation {unknown}
 j - a scroll of vulnerability {unknown}
 k - a scroll of noise {unknown}
 l - a scroll of identify {unknown}
 m - 2 scrolls of enchant weapon {unknown}
Potions
 b - a potion of attraction {unknown}
 d - 2 potions of might
 e - a potion of curing
 f - a potion of haste
 g - 2 potions of ambrosia {unknown}

Dungeon Overview and Level Annotations

Branches:
Dungeon (3/15)

Altars:

Annotations:
D:3 Grinder, Terence


Message History

Grinder is lightly wounded.
You shoot an arrow. The arrow closely misses Grinder.
You shoot an arrow. The arrow closely misses Grinder.
Terence the Incautious comes into view.
He is wielding a +0 short sword.
You shoot an arrow. The arrow hits Grinder!
Grinder is moderately wounded.
Grinder completely misses you.
You shoot an arrow. The arrow hits Grinder!
Grinder is heavily wounded.
Grinder completely misses you.
You shoot an arrow. The arrow hits Grinder.
Grinder is heavily wounded.
You shoot an arrow.
The arrow hits Grinder but does no damage.
Grinder is heavily wounded.
Terence closely misses you.
Grinder says, "DUCK!"
Grinder barely misses you.
You shoot an arrow. The arrow hits Grinder.
Grinder is severely wounded.
Terence closely misses you.
Grinder blinks!
You shoot an arrow. The arrow hits Terence.
Terence is lightly wounded.
You shoot an arrow. The arrow barely misses Terence.
Terence hits you with a +0 short sword.
You shoot an arrow. The arrow hits Terence!
Terence is heavily wounded.
Terence misses you.
You shoot an arrow. The arrow hits Terence.
Terence is heavily wounded.
Terence hits you with a +0 short sword. Grinder gestures at you.
You suddenly lose the ability to move!
Terence hits you with a +0 short sword.
Grinder blinks!
Terence hits you with a +0 short sword. Terence hits you with a +0 short sword.
Terence hits you with a +0 short sword! Terence hits you with a +0 short sword.
You die...
Terence says, "Time to find some more victims."

#........# ##.%...#.# ..
##....#.# .# ##.#+#.# .#
#)..<.# <# ## ##.....##
.# .# .## ##.......##
.##.###
..####.........##@......
.....'.........'@......#
..####........5####...##
.## ##.....).## ... .#
##.....## # .# ##.....##
.# ##..#..## .#
##.##.##.## ##
#..#.}.#..## #
#..##.##...######.


You could see Grinder and Terence.

Vanquished Creatures
  An adder (D:2)
  A dart slug (D:2)
  A ribbon worm (D:2)
  5 ball pythons
  3 endoplasms
  2 giant cockroaches
  10 goblins
  8 hobgoblins
  3 jackals (D:3)
  9 kobolds
  3 quokkas
  6 bats
  3 frilled lizards
  10 rats
65 creatures vanquished.

Notes
Turn   | Place    | Note
-------+----------+-------------------------------------------
     0 | D:1      | qw the Spriggan Hunter began the quest for the Orb.
     0 | D:1      | Reached XP level 1. HP: 10/10 MP: 2/2
     0 | D:1      | 0 ||| qw: Version: 0.3-a-155-g5e7d8dd
     0 | D:1      | 0 ||| qw: Game counter: 516
     0 | D:1      | 0 ||| qw: Melee chars always use a shield: true
     0 | D:1      | 0 ||| qw: God list: Okawaru
     0 | D:1      | 0 ||| qw: Allow faded altars: false
     0 | D:1      | 0 ||| qw: Do Orc after clearing Dungeon:15 true
     0 | D:1      | 0 ||| qw: Do second Lair branch before Depths: true
     0 | D:1      | 0 ||| qw: Lair rune preference: random
     0 | D:1      | 0 ||| qw: Goals: Normal
     0 | D:1      | 0 ||| PLANNING D:1-11
    29 | D:1      | Reached skill level 3 in Dodging
   153 | D:1      | Reached XP level 2. HP: 14/14 MP: 3/3
   691 | D:1      | 691 ||| DROPPING amulet of magic regeneration.
   692 | D:1      | 692 ||| DROPPING scroll of butterflies.
   768 | D:2      | 768 ||| FLEEEEING.
   769 | D:2      | 769 ||| FLEEEEING.
   770 | D:2      | 770 ||| FLEEEEING.
   771 | D:2      | 771 ||| FLEEEEING.
   772 | D:2      | 772 ||| FLEEEEING.
   775 | D:2      | 775 ||| FLEEEEING.
   782 | D:2      | Reached XP level 3. HP: 13/18 MP: 4/4
   829 | D:2      | 829 ||| FLEEEEING.
   830 | D:2      | 830 ||| FLEEEEING.
   832 | D:2      | 832 ||| FLEEEEING.
   833 | D:2      | 833 ||| FLEEEEING.
   835 | D:2      | 835 ||| FLEEEEING.
  1202 | D:2      | Reached skill level 5 in Ranged Weapons
  1382 | D:2      | 1382 ||| DRINKING 3 glowing inky potions.
  1383 | D:2      | 1383 ||| DRINKING 2 yellow potions.
  1384 | D:2      | 1384 ||| DRINKING 3 white potions.
  1499 | D:3      | Reached XP level 4. HP: 22/22 MP: 5/5
  1942 | D:3      | Noticed Grinder
  1943 | D:3      | 1943 ||| DRINKING 2 potions of haste.
  1949 | D:3      | Noticed Terence
  1958 | D:3      | Paralysed by Grinder for 5 turns
  1962 | D:3      | HP: 3/22 [Terence/+0 short sword (8)]
  1963 | D:3      | Slain by Terence

Levels and vault maps discovered:
D:1:      dpeg_arrival_rhombus, layout_basic, wad_floor_pattern_untrapped,
          ebering_dispersal_statue_hall, due_unseen_surprise
D:2:      layout_basic
D:3:      layout_loops_corners, st_stairs_13, grunt_decor_one_mirror,
          uniq_terence, uniq_grinder

Skill      XL: |  1  2  3 |
---------------+----------+-----
Dodging        | 3 4 |  4.5
Ranged Weapons | 5 |  5.0
Fighting       | |  1.5
Stealth        | |  1.5

Action                     |  1- 3 |  4- 6 || total
---------------------------+-------+-------++-------
   Fire: Shortbow          |   146 |    49 ||   195
    Use: Potion            |     3 |     1 ||     4
 Armour: Robe              |    14 |     7 ||    21
  Dodge: Dodged            |    39 |     7 ||    46

Table legend:
 A = Non-vault XP
 B = Vault XP
 C = Vault XP percentage of total XP
 D = Non-vault monster count
 E = Vault monster count
 F = Vault count percentage of total count
                 A         B        C        D         E       F
            +---------+---------+-------+---------+---------+-------
      Total |     115 |       4 |   3.4 |      63 |       2 |   3.1
            +---------+---------+-------+---------+---------+-------
        D:1 |      34 |       0 |   0.0 |      21 |       0 |   0.0
        D:2 |      56 |       0 |   0.0 |      26 |       0 |   0.0
        D:3 |      25 |       4 |  13.8 |      16 |       2 |  11.1
            +---------+---------+-------+---------+---------+-------
